 Dungeon Crawl Stone Soup version 0.30-a0-782-ge64f9170bb (webtiles) character file.

Game seed: 16303011556914903198

191 theswoord the Chopper (level 5, 0/41 HPs)
             Began as a Demonspawn Monk on Feb 23, 2023.
             Slain by a black bear (5 damage)
             ... on level 4 of the Dungeon.
             The game lasted 00:03:21 (2465 turns).

theswoord the Chopper (Demonspawn Monk)             Turns: 2465, Time: 00:03:21

Health: 0/41       AC:  9    Str: 14    XL:     5   Next: 41%
Magic:  5/5        EV: 10    Int: 11    God:
Gold:   132        SH:  0    Dex: 15    Spells: 4/4 levels left

rFire   . . .      SeeInvis +    a - +1 hand axe
rCold   . . .      Faith    .    (no shield)
rNeg    . . .      Spirit   .    j - +0 scale mail
rPois   .          Reflect  .    (helmet unavailable)
rElec   .          Harm     .    (no cloak)
rCorr   .          Rampage  .    k - +2 pair of gloves
Will    .....                    (no boots)
Stlth   +                        (no amulet)
HPRegen 0.26/turn                (no ring)
MPRegen 0.09/turn                (no ring)

@: hasted, studying Axes, very quick
A: antennae 3, demonic magic 1
a: no special abilities


You were on level 4 of the Dungeon.
You visited 1 branch of the dungeon, and saw 4 of its levels.

You collected 132 gold pieces.

Inventory:

Hand Weapons
 a - a +1 hand axe (weapon)
 e - a +0 whip
Armour
 b - a +0 robe
 f - a +0 hat
 j - a +0 scale mail (worn)
 k - a +2 pair of gloves (worn)
Jewellery
 m - a ring of flight
 o - a +4 ring of protection
Scrolls
 l - 3 scrolls of teleportation
Potions
 c - a potion of lignification {unknown}
 d - a potion of haste
 g - 2 potions of curing {unknown}
 h - 2 potions of heal wounds {unknown}
 i - 2 potions of resistance {unknown}


   Skills:
 - Level 3.0 Fighting
 + Level 5.7 Axes
 - Level 2.6 Dodging
 - Level 1.7 Stealth


You had 4 spell levels left.
You didn't know any spells.
Your spell library contained the following spells:

 Spells                   Type           Power      Damage    Failure   Level
 Kiss of Death            Conj/Necr      0%         2d5       85%         1
 Blink                    Tloc           0%         N/A       94%         2
 Lesser Beckoning         Tloc           0%         N/A       94%         2
 Momentum Strike          Conj/Tloc      0%         3d8       94%         2
 Confusing Touch          Hex            0%         N/A       99%         3
 Dispel Undead            Necr           0%         3d6       100%        4


Dungeon Overview and Level Annotations

Branches:
Dungeon (4/15)
 Temple: D:4-7

Altars:

Shops:
D:2 !   D:3 *


Innate Abilities, Weirdness & Mutations

You have a pair of large antennae on your head. (SInv)
Spells you cast may paralyse adjacent enemies.


Message History

The black bear closely misses you.
The black bear claws you but does no damage. x2
You hit the black bear. The black bear barely misses you.
The black bear misses you. The black bear claws you.
You hit the black bear. The black bear bites you.
The black bear claws you but does no damage. x2
You hit the black bear. The black bear bites you. The black bear claws you. x2
You closely miss the black bear.
The black bear bites you but does no damage.
The black bear claws you. The black bear barely misses you.
You hit the black bear.
The black bear goes berserk!
You hit the black bear but do no damage.
The black bear bites you.
* * * LOW HITPOINT WARNING * * *
The black bear claws you.
* * * LOW HITPOINT WARNING * * *
The black bear claws you.
* * * LOW HITPOINT WARNING * * *
You hit the black bear. The black bear closely misses you.
The black bear claws you but does no damage.
The black bear closely misses you. x2; The black bear barely misses you.
The black bear claws you.
* * * LOW HITPOINT WARNING * * *
You hit the black bear but do no damage.
The black bear barely misses you. The black bear closely misses you.
The black bear claws you but does no damage.
You hit the black bear.
The black bear bites you but does no damage.
The black bear claws you but does no damage.
The black bear claws you.
* * * LOW HITPOINT WARNING * * *
The black bear barely misses you.
The black bear claws you but does no damage.
The black bear claws you.
* * * LOW HITPOINT WARNING * * *
It was a potion of haste.
You feel yourself speed up. The black bear closely misses you.
The black bear barely misses you. The black bear completely misses you.
You hit the black bear. The black bear bites you.
You die...

#..# #..#
#..# $..#
#..#
###.###..#
{
.......h.#
#@.# #<.#
#....#
#...#....
#.#.##.##.#
.. # .. #
#. ### #


You could see a black bear (berserk).

Vanquished Creatures
  A hound (D:3)
  Terence (D:3)
  Robin (D:3)
  A gnoll (D:1)
  3 adders
  2 worms
  A dart slug (D:1)
  6 endoplasms
  3 giant cockroaches
  16 goblins
  4 hobgoblins
  3 jackals (D:4)
  7 kobolds
  A quokka (D:1)
  8 ball pythons
  8 bats
  5 frilled lizards
  5 rats
76 creatures vanquished.

Notes
Turn   | Place    | Note
-------+----------+-------------------------------------------
     0 | D:1      | theswoord the Demonspawn Monk began the quest for the Orb.
     0 | D:1      | Reached XP level 1. HP: 18/18 MP: 1/1
   131 | D:1      | Reached skill level 3 in Axes
   226 | D:1      | Discovered your monstrous ancestry.
   226 | D:1      | Gained mutation: You have a pair of small antennae on your
                  | head. [demonic ancestry]
   226 | D:1      | Reached XP level 2. HP: 14/24 MP: 2/2
   431 | D:1      | Gained mutation: You have a pair of antennae on your head.
                  | [demonic ancestry]
   431 | D:1      | Reached XP level 3. HP: 24/29 MP: 3/3
   585 | D:1      | Reached skill level 4 in Axes
  1251 | D:2      | Found Reoreel's Distillery.
  1374 | D:2      | Gained mutation: You have a pair of large antennae on your
                  | head. (SInv) [demonic ancestry]
  1374 | D:2      | Reached XP level 4. HP: 35/35 MP: 4/4
  1395 | D:2      | Identified the +1 leather armour of Baldness {Dex+3}
  1748 | D:3      | Noticed Robin
  1757 | D:3      | Reached skill level 5 in Axes
  1782 | D:3      | Killed Robin
  1783 | D:3      | Gained mutation: Spells you cast may paralyse adjacent
                  | enemies. [demonic ancestry]
  1783 | D:3      | Reached XP level 5. HP: 38/41 MP: 5/5
  1903 | D:3      | Found Siupego's Assorted Antiques.
  1937 | D:3      | Noticed Terence
  1955 | D:3      | Killed Terence
  2043 | D:3      | Found a faded altar of an unknown god.
  2368 | D:4      | Identified a scroll of acquirement
  2368 | D:4      | Acquired a manual of Axes
  2448 | D:4      | Noticed a black bear
  2465 | D:4      | Slain by a black bear

Skill      XL: |  1  2  3  4 |
---------------+-------------+-----
Axes           | 3 4 5 |  5.7
Fighting       | |  3.0
Dodging        | |  2.6
Stealth        | |  1.7

Action                     |  1- 3 |  4- 6 || total
---------------------------+-------+-------++-------
  Melee: Hand axe          |   138 |   114 ||   252
         Punch             |       |     1 ||     1
    Use: Scroll            |     4 |     2 ||     6
         Potion            |       |     2 ||     2
   Stab: Sleeping          |     4 |       ||     4
 Armour: Robe              |    27 |       ||    27
         Scale mail        |    16 |    91 ||   107
  Dodge: Dodged            |   103 |    88 ||   191

Levels and vault maps discovered:
D:1:      dpeg_arrival_short_road, layout_basic
D:2:      layout_basic, serial_shops, nicolae_square_shop
D:3:      layout_basic, shapermc_ecumenical_altar_acropolis, serial_shops, shop,
          minmay_cut_off, uniq_terence, uniq_robin
D:4:      layout_basic, mainiacjoe_overflow_swirl, minmay_temple_entry_slanted
